[ AOE2 MATCH · #505238795 ]
UnrankedMalay vs Mongols
Player's team · LOSS
Rival team · WIN
[ REPLAY ANALYSIS · EXTRACTED FROM THE RECORDED GAME ]
Feudal
11:30
Castle
26:04
Imperial
—
| APM avg | 51.5 |
| APM peak | 89 |
| eAPM avg | 22.2 |
| Villagers / military | 50 / 27 |
Focus
⚔️ 24.0% · 🌾 76.0%
Skirmisher ×24 · Militia ×3
Feudal
8:50
Castle
23:24
Imperial
—
| APM avg | 48.3 |
| APM peak | 90 |
| eAPM avg | 17.0 |
| Villagers / military | 51 / 31 |
Focus
⚔️ 25.1% · 🌾 74.9%
Archer ×20 · Steppe Lancer ×8 · Battering Ram ×3
Match map
Initial resources + every placement click. Lines = walls · curves = elevation contours. ◆ gold · ⬟ stone · ● berries · ✦ relic · ◌ wall gap
Your base· Open — 6t gap
saandwe's base· Open — unwalled flank
Smoothed initial terrain · ◌ = detected wall gap · hover for details
Inputs per minute
— RD | Telematico - - saandwe
Build order — RD | Telematico
First 150 of 155 actions detected
| 0:00 | Queue | Villager (Male) |
| 0:00 | Queue | Villager (Male) |
| 0:01 | Queue | Villager (Male) |
| 0:01 | Queue | Villager (Male) |
| 0:01 | Queue | Villager (Male) |
| 0:02 | Build | House |
| 0:03 | Build | House |
| 1:26 | Queue | Villager (Male) |
| 1:49 | Build | Lumber Camp |
| 2:01 | Queue | Villager (Male) |
| 2:01 | Queue | Villager (Male) |
| 2:24 | Queue | Villager (Male) |
| 2:46 | Queue | Villager (Male) |
| 2:46 | Queue | Villager (Male) |
| 3:17 | Build | House |
| 3:21 | Queue | Villager (Male) |
| 3:21 | Queue | Villager (Male) |
| 3:39 | Queue | Villager (Male) |
| 3:39 | Queue | Villager (Male) |
| 4:09 | Queue | Villager (Male) |
| 4:09 | Queue | Villager (Male) |
| 4:10 | Queue | Villager (Male) |
| 4:55 | Queue | Villager (Male) |
| 5:02 | Build | Barracks |
| 5:19 | Queue | Villager (Male) |
| 5:42 | Build | House |
| 5:49 | Queue | Villager (Male) |
| 6:02 | Queue | Militia |
| 6:03 | Queue | Militia |
| 6:10 | Build | House |
| 6:13 | Queue | Villager (Male) |
| 6:14 | Research | Loom |
| 6:18 | Queue | Militia |
| 6:50 | Queue | Villager (Male) |
| 6:50 | Queue | Villager (Male) |
| 7:33 | Build | Mill |
| 7:51 | Queue | Villager (Male) |
| 8:22 | Queue | Villager (Male) |
| 8:22 | Queue | Villager (Male) |
| 8:27 | Build | House |
| 8:51 | Build | Palisade Wall |
| 8:57 | Build | Palisade Wall |
| 8:57 | Build | Palisade Wall |
| 9:00 | Build | Palisade Wall |
| 9:01 | Build | Palisade Wall |
| 9:11 | Queue | Villager (Male) |
| 9:45 | Queue | Villager (Male) |
| 10:12 | Research | Feudal Age |
| 10:28 | Build | Palisade Wall |
| 11:01 | Build | Mining Camp |
| 11:08 | Build | Farm |
| 11:08 | Build | Farm |
| 11:08 | Build | Farm |
| 11:09 | Build | Farm |
| 11:30 | Age | Feudal Age |
| 11:34 | Build | Archery Range |
| 11:42 | Research | Double-Bit Axe |
| 11:42 | Research | Double-Bit Axe |
| 11:45 | Build | Farm |
| 11:54 | Build | Palisade Wall |
| 12:01 | Build | House |
| 12:06 | Research | Town Watch |
| 12:06 | Research | Town Watch |
| 12:06 | Queue | Villager (Male) |
| 12:25 | Build | Palisade Gate |
| 12:29 | Build | House |
| 12:31 | Build | Palisade Wall |
| 12:45 | Build | Palisade Gate |
| 13:03 | Queue | Villager (Male) |
| 13:04 | Queue | Skirmisher |
| 13:04 | Queue | Skirmisher |
| 13:41 | Queue | Skirmisher |
| 13:46 | Queue | Villager (Male) |
| 13:46 | Queue | Villager (Male) |
| 13:51 | Build | Farm |
| 13:52 | Build | Farm |
| 14:08 | Build | Palisade Gate |
| 14:25 | Queue | Skirmisher |
| 14:27 | Build | Watch Tower |
| 14:50 | Queue | Skirmisher |
| 14:51 | Queue | Skirmisher |
| 14:51 | Queue | Skirmisher |
| 15:02 | Build | Farm |
| 15:19 | Queue | Skirmisher |
| 15:40 | Build | Lumber Camp |
| 15:56 | Queue | Skirmisher |
| 16:07 | Build | House |
| 16:10 | Build | Palisade Wall |
| 16:28 | Build | House |
| 16:45 | Queue | Skirmisher |
| 16:45 | Queue | Skirmisher |
| 16:57 | Queue | Villager (Male) |
| 17:42 | Build | Farm |
| 17:42 | Build | Farm |
| 17:44 | Queue | Villager (Male) |
| 17:44 | Queue | Villager (Male) |
| 17:50 | Build | Farm |
| 17:51 | Build | Farm |
| 17:58 | Build | Archery Range |
| 18:01 | Build | Farm |
| 18:01 | Build | Farm |
| 18:02 | Build | Farm |
| 18:10 | Build | Mining Camp |
| 18:25 | Queue | Skirmisher |
| 19:03 | Queue | Villager (Male) |
| 19:04 | Queue | Skirmisher |
| 19:05 | Queue | Skirmisher |
| 19:05 | Queue | Skirmisher |
| 19:30 | Queue | Skirmisher |
| 19:33 | Queue | Villager (Male) |
| 19:38 | Build | Watch Tower |
| 20:07 | Queue | Villager (Male) |
| 20:08 | Queue | Skirmisher |
| 20:09 | Queue | Skirmisher |
| 20:17 | Queue | Villager (Male) |
| 20:29 | Queue | Skirmisher |
| 20:29 | Queue | Skirmisher |
| 20:29 | Queue | Skirmisher |
| 20:47 | Build | Farm |
| 20:48 | Build | Farm |
| 20:59 | Queue | Skirmisher |
| 20:59 | Queue | Skirmisher |
| 20:59 | Queue | Skirmisher |
| 21:31 | Queue | Villager (Male) |
| 21:31 | Queue | Villager (Male) |
| 21:40 | Build | Palisade Wall |
| 21:40 | Build | Palisade Wall |
| 21:42 | Build | Palisade Wall |
| 21:44 | Build | Palisade Wall |
| 21:45 | Build | Palisade Wall |
| 21:46 | Build | Palisade Wall |
| 21:48 | Build | Palisade Wall |
| 21:49 | Build | Palisade Wall |
| 21:51 | Build | Palisade Wall |
| 21:58 | Queue | Villager (Male) |
| 22:02 | Build | Farm |
| 22:20 | Queue | Villager (Male) |
| 22:34 | Build | Blacksmith |
| 23:06 | Queue | Villager (Male) |
| 23:20 | Build | House |
| 23:32 | Build | Market |
| 23:38 | Queue | Villager (Male) |
| 23:38 | Queue | Villager (Male) |
| 24:28 | Research | Castle Age |
| 25:22 | Research | Gold Mining |
| 25:22 | Research | Stone Mining |
| 25:41 | Research | Fletching |
| 25:41 | Research | Fletching |
| 26:01 | Queue | Villager (Male) |
| 26:01 | Queue | Villager (Male) |
Build order — saandwe
142 actions detected in the replay
| 0:01 | Queue | Villager (Male) |
| 0:01 | Queue | Villager (Male) |
| 0:01 | Queue | Villager (Male) |
| 0:02 | Queue | Villager (Male) |
| 0:02 | Queue | Villager (Male) |
| 0:03 | Build | House |
| 0:04 | Build | House |
| 1:22 | Build | Lumber Camp |
| 1:35 | Queue | Villager (Male) |
| 2:30 | Queue | Villager (Male) |
| 2:30 | Queue | Villager (Male) |
| 2:53 | Queue | Villager (Male) |
| 2:53 | Queue | Villager (Male) |
| 3:10 | Queue | Villager (Male) |
| 3:10 | Queue | Villager (Male) |
| 3:28 | Queue | Villager (Male) |
| 3:28 | Queue | Villager (Male) |
| 3:29 | Queue | Villager (Male) |
| 4:01 | Queue | Villager (Male) |
| 4:01 | Queue | Villager (Male) |
| 4:15 | Build | House |
| 4:16 | Build | House |
| 4:22 | Queue | Villager (Male) |
| 4:22 | Queue | Villager (Male) |
| 4:23 | Queue | Villager (Male) |
| 4:32 | Queue | Villager (Male) |
| 4:32 | Queue | Villager (Male) |
| 5:02 | Build | Mining Camp |
| 5:20 | Queue | Villager (Male) |
| 5:38 | Queue | Villager (Male) |
| 5:38 | Queue | Villager (Male) |
| 5:48 | Research | Loom |
| 6:37 | Research | Feudal Age |
| 7:41 | Build | Barracks |
| 8:50 | Age | Feudal Age |
| 8:51 | Build | Archery Range |
| 9:06 | Queue | Villager (Male) |
| 9:06 | Queue | Villager (Male) |
| 9:07 | Queue | Villager (Male) |
| 9:23 | Build | Archery Range |
| 9:40 | Queue | Archer |
| 9:40 | Queue | Archer |
| 10:22 | Queue | Archer |
| 10:23 | Build | Blacksmith |
| 10:28 | Queue | Villager (Male) |
| 10:29 | Queue | Villager (Male) |
| 10:55 | Build | Palisade Wall |
| 10:56 | Build | Palisade Wall |
| 11:02 | Build | Palisade Wall |
| 11:15 | Queue | Archer |
| 11:15 | Queue | Archer |
| 11:20 | Research | Fletching |
| 11:40 | Build | House |
| 11:45 | Build | Palisade Wall |
| 11:49 | Build | Palisade Wall |
| 12:03 | Queue | Villager (Male) |
| 12:03 | Queue | Villager (Male) |
| 12:04 | Queue | Villager (Male) |
| 12:12 | Build | Palisade Wall |
| 12:30 | Queue | Archer |
| 12:30 | Queue | Archer |
| 12:58 | Build | House |
| 13:11 | Queue | Archer |
| 13:12 | Queue | Archer |
| 13:17 | Queue | Villager (Male) |
| 13:17 | Queue | Villager (Male) |
| 13:39 | Queue | Archer |
| 13:39 | Queue | Archer |
| 13:48 | Build | Mill |
| 14:23 | Queue | Villager (Male) |
| 14:23 | Queue | Villager (Male) |
| 14:23 | Queue | Villager (Male) |
| 14:23 | Queue | Villager (Male) |
| 14:28 | Build | Mill |
| 14:39 | Build | Watch Tower |
| 15:40 | Queue | Archer |
| 15:40 | Queue | Archer |
| 15:56 | Queue | Archer |
| 15:56 | Queue | Archer |
| 16:15 | Queue | Villager (Male) |
| 16:15 | Queue | Villager (Male) |
| 16:15 | Queue | Villager (Male) |
| 16:16 | Queue | Villager (Male) |
| 16:23 | Build | Farm |
| 16:24 | Build | Farm |
| 16:26 | Build | Farm |
| 16:27 | Build | Farm |
| 16:35 | Build | Farm |
| 16:38 | Build | Farm |
| 16:39 | Queue | Villager (Male) |
| 16:44 | Research | Double-Bit Axe |
| 16:53 | Queue | Archer |
| 16:53 | Queue | Archer |
| 16:53 | Queue | Archer |
| 17:57 | Queue | Archer |
| 17:57 | Queue | Archer |
| 17:58 | Queue | Villager (Male) |
| 17:58 | Queue | Villager (Male) |
| 17:59 | Queue | Villager (Male) |
| 18:07 | Build | Mill |
| 18:14 | Build | Farm |
| 18:18 | Queue | Villager (Male) |
| 18:18 | Queue | Villager (Male) |
| 18:30 | Research | Padded Archer Armor |
| 18:52 | Build | Farm |
| 18:54 | Build | Farm |
| 18:56 | Build | Farm |
| 18:57 | Build | Farm |
| 19:03 | Build | House |
| 20:14 | Build | Stable |
| 20:42 | Build | Farm |
| 20:44 | Research | Castle Age |
| 20:58 | Research | Scale Barding Armor |
| 21:30 | Build | House |
| 21:52 | Research | Bloodlines |
| 22:15 | Build | House |
| 22:16 | Build | House |
| 23:02 | Research | Gold Mining |
| 23:09 | Research | Forging |
| 23:13 | Build | House |
| 23:24 | Age | Castle Age |
| 23:26 | Research | Crossbowman (upgrade) |
| 23:28 | Queue | Steppe Lancer |
| 23:28 | Queue | Steppe Lancer |
| 23:28 | Queue | Steppe Lancer |
| 23:29 | Queue | Steppe Lancer |
| 23:55 | Build | Siege Workshop |
| 24:11 | Build | Farm |
| 24:12 | Build | Farm |
| 24:15 | Build | Farm |
| 24:42 | Queue | Steppe Lancer |
| 24:42 | Queue | Steppe Lancer |
| 25:02 | Queue | Battering Ram |
| 25:04 | Queue | Steppe Lancer |
| 25:09 | Build | House |
| 25:18 | Build | Farm |
| 25:24 | Queue | Steppe Lancer |
| 25:58 | Queue | Battering Ram |
| 25:59 | Queue | Battering Ram |
| 26:22 | Build | House |
| 26:24 | Queue | Villager (Male) |
| 26:24 | Queue | Villager (Male) |
Match timeline
| 5:02 | RD | Telematico · first_building Barracks |
| 7:41 | saandwe · first_building Barracks |
| 8:50 | saandwe · age_up feudal |
| 8:51 | saandwe · first_building Archery Range |
| 8:51 | RD | Telematico · wall_segment Palisade Wall x1 |
| 8:57 | RD | Telematico · wall_segment Palisade Wall x1 |
| 8:57 | RD | Telematico · wall_segment Palisade Wall x1 |
| 9:00 | RD | Telematico · wall_segment Palisade Wall x1 |
| 9:01 | RD | Telematico · wall_segment Palisade Wall x2 |
| 10:28 | RD | Telematico · wall_segment Palisade Wall x8 |
| 10:55 | saandwe · wall_segment Palisade Wall x1 |
| 10:56 | saandwe · wall_segment Palisade Wall x1 |
| 11:02 | saandwe · wall_segment Palisade Wall x1 |
| 11:30 | RD | Telematico · age_up feudal |
| 11:34 | RD | Telematico · first_building Archery Range |
| 11:45 | saandwe · wall_segment Palisade Wall x1 |
| 11:49 | saandwe · wall_segment Palisade Wall x1 |
| 11:54 | RD | Telematico · wall_segment Palisade Wall x10 |
| 12:12 | saandwe · wall_segment Palisade Wall x1 |
| 12:31 | RD | Telematico · wall_segment Palisade Wall x1 |
| 16:10 | RD | Telematico · wall_segment Palisade Wall x3 |
| 20:14 | saandwe · first_building Stable |
| 21:40 | RD | Telematico · wall_segment Palisade Wall x4 |
| 21:40 | RD | Telematico · wall_segment Palisade Wall x5 |
| 21:42 | RD | Telematico · wall_segment Palisade Wall x4 |
| 21:44 | RD | Telematico · wall_segment Palisade Wall x3 |
| 21:45 | RD | Telematico · wall_segment Palisade Wall x1 |
| 21:46 | RD | Telematico · wall_segment Palisade Wall x1 |
| 21:48 | RD | Telematico · wall_segment Palisade Wall x4 |
| 21:49 | RD | Telematico · wall_segment Palisade Wall x4 |
| 21:51 | RD | Telematico · wall_segment Palisade Wall x4 |
| 23:24 | saandwe · age_up castle |
| 23:55 | saandwe · first_building Siege Workshop |
| 24:13 | RD | Telematico · first_market_sell 500 stone |
| 24:14 | RD | Telematico · first_market_buy 100 food |
| 26:04 | RD | Telematico · age_up castle |
| 27:02 | RD | Telematico · resign |
[ AI ANALYSIS · 1 CREDIT ]
What really happened in this match?
Wolo.gg analyzes every decision: build order, eco, micro, common mistakes by bracket. Personalized analysis on WhatsApp or Discord in 30 seconds.
Civ guide
Malay
Perfil
Jugador #19548945